 Dungeon Crawl Stone Soup version 0.23-a0-242-g2b5ca64 (webtiles) character file.

5567 MisterFreud the Artisan of Death (level 10, -1/74 HPs)
             Began as a Gnoll Necromancer on Sept 28, 2018.
             Was a Priest of Kikubaaqudgha.
             Slain by a troll (9 damage)
             ... on level 10 of the Dungeon.
             The game lasted 00:46:24 (11779 turns).

MisterFreud the Artisan of Death (GnNe)            Turns: 11779, Time: 00:46:25

Health: -1/74      AC: 12    Str: 15    XL:     10   Next: 72%
Magic:  21/21      EV: 15    Int: 27    God:    Kikubaaqudgha [***...]
Gold:   98         SH:  0    Dex: 16    Spells: 6/24 levels left

rFire    . . .     SeeInvis .   i - +2 whip (freeze)
rCold    . . .     Gourm    .   (no shield)
rNeg     . . .     Faith    +   z - +1 ring mail of the Spheres {-Cast Int+6 Slay+3} (curse)
rPois    .         Spirit   .   (no helmet)
rElec    .         Reflect  .   F - +1 cloak
rCorr    .         Harm     .   y - +1 pair of gloves
MR       .....     NoCast   +   u - +0 pair of boots
Stlth    +++.......             C - amulet of faith
HPRegen  0.22/turn              (no ring)
MPRegen  0.17/turn              (no ring)

@: mighty, drained
A: distributed training, fangs 1, strong nose
a: Receive Corpses, Renounce Religion


You were on level 10 of the Dungeon.
You worshipped Kikubaaqudgha.
Kikubaaqudgha was most pleased with you.
You were not hungry.

You visited 2 branches of the dungeon, and saw 11 of its levels.
You also visited: Ossuary.

You collected 543 gold pieces.
You spent 445 gold pieces at shops.

Inventory:

Hand Weapons
 a - a +0 trident
 b - a -2 hunting sling
 i - a +2 whip of freezing (weapon)
Missiles
 d - 271 stones (quivered)
 f - 175 arrows
 g - 10 javelins
 m - 58 bolts
 o - a throwing net
 q - 22 poisoned needles
 t - 2 tomahawks
Armour
 e - a +1 robe
 u - a +0 pair of boots (worn)
 y - a +1 pair of gloves (worn)
 z - the cursed +1 ring mail of the Spheres (worn) {-Cast Int+6 Slay+3}
   (You bought it in a shop on level 9 of the Dungeon)

   It affects your intelligence (+6).
   It affects your accuracy and damage with ranged weapons and melee attacks
   (+3).
   It prevents spellcasting.
   It has a curse placed upon it.
 F - a +1 cloak (worn)
Jewellery
 C - an amulet of faith (around neck)
Wands
 w - a wand of acid (5)
 A - a wand of paralysis (8)
Scrolls
 h - 3 scrolls of teleportation
 j - 6 scrolls of identify
 n - 2 scrolls of enchant armour
 E - 2 scrolls of amnesia
Potions
 k - 2 potions of might
 l - 3 potions of agility
 p - a potion of magic
 r - 2 potions of curing
 s - 3 potions of brilliance
 v - a potion of resistance
 x - a potion of mutation
 B - a potion of haste
Comestibles
 c - 7 rations


   Skills:
 + Level 5.4 Fighting
 + Level 5.4 Short Blades
 + Level 5.4 Long Blades
 + Level 5.4 Axes
 + Level 5.4 Maces & Flails
 + Level 5.4 Polearms
 + Level 5.4 Staves
 + Level 5.4 Slings
 + Level 5.4 Bows
 + Level 5.4 Crossbows
 + Level 5.4 Throwing
 + Level 5.4 Armour
 + Level 7.2(7.1) Dodging
 + Level 6.9 Stealth
 + Level 5.4 Shields
 + Level 5.4 Unarmed Combat
 + Level 7.5(7.4) Spellcasting
 + Level 4.5(4.4) Conjurations
 + Level 4.5(4.4) Hexes
 + Level 4.5(4.4) Charms
 + Level 4.5(4.4) Summonings
 + Level 8.5(8.4) Necromancy
 + Level 4.5(4.4) Translocations
 + Level 4.5(4.4) Transmutations
 + Level 4.5(4.4) Fire Magic
 + Level 4.5(4.4) Ice Magic
 + Level 4.5(4.4) Air Magic
 + Level 4.5(4.4) Earth Magic
 + Level 4.5(4.4) Poison Magic
 + Level 6.0(5.9) Invocations
 + Level 5.4 Evocations


You had 6 spell levels left.
You knew the following spells:

 Your Spells              Type           Power        Failure   Level  Hunger
a - Pain                  Necr           ####         1%          1    None
b - Vampiric Draining     Necr           ######....   1%          3    None
c - Regeneration          Chrm/Necr      #####.....   2%          3    None
d - Animate Dead          Necr           N/A          3%          4    ##.....
e - Blink                 Tloc           N/A          2%          2    None
f - Borgnjor's Vile Clut  Necr/Erth      #####.....   21%         5    ####...

Your spell library contained the following spells:

 Spells                   Type           Power        Failure   Level  Hunger
 Animate Skeleton         Necr           N/A          1%          1    None
 Apportation              Tloc           ####..       1%          1    None
 Confusing Touch          Hex            ####..       1%          1    None
 Flame Tongue             Conj/Fire      ####.        1%          1    None
 Magic Dart               Conj           ####         1%          1    None
 Summon Small Mammal      Summ           ####         1%          1    None
 Corpse Rot               Necr           N/A          1%          2    None
 Sublimation of Blood     Necr           ######....   1%          2    None
 Call Imp                 Summ           ####....     2%          2    None
 Slow                     Hex            ####....     2%          2    None
 Throw Flame              Conj/Fire      ####..       2%          2    None
 Conjure Flame            Conj/Fire      ####....     4%          3    None
 Inner Flame              Hex/Fire       ####....     4%          3    None
 Mephitic Cloud           Conj/Pois/Air  ####....     4%          3    None
 Agony                    Necr           ######..     9%          5    ####...
 Dispel Undead            Necr           ######..     9%          5    ####...
 Sticky Flame             Conj/Fire      ####....     17%         4    ##.....
 Bolt of Draining         Conj/Necr      #####.....   21%         5    ####...
 Fireball                 Conj/Fire      ####......   43%         5    ####...
 Simulacrum               Ice/Necr       #####.....   75%         6    ######.


Dungeon Overview and Level Annotations

Branches:
Dungeon (10/15)            Temple (1/1) D:4             Orc (0/2) D:9
   Lair: D:8-11

Altars:
Ashenzari
Cheibriados
Dithmenos
Elyvilon
Fedhas
Gozag
Hepliaklqana
Kikubaaqudgha
Makhleb
Nemelex Xobeh
Okawaru
Qazlal
Ru
Sif Muna
Trog
Uskayaw
Vehumet
Wu Jian
Xom
Yredelemnul
Zin
The Shining One

Shops:
D:9 [

Annotations:
D:3 3 runed doors, Nib's ghost, amateur CeHu; galech's ghost, weakling DsFi
D:10 Snorg


Innate Abilities, Weirdness & Mutations

Your experience applies equally to all skills.
You have very sharp teeth.
Your uncanny sense of smell can sniff out nearby items.


Message History

You whack the troll! You freeze the troll.
The troll is severely wounded.
The troll bites you.
* * * LOW HITPOINT WARNING * * *
The troll misses you. The troll claws you but does no damage.
You feel better. The troll bites you!
* * * LOW HITPOINT WARNING * * *
The troll misses you. The troll claws you but does no damage.
You feel very mighty all of a sudden. The troll bites you.
* * * LOW HITPOINT WARNING * * *
The troll closely misses you. The troll claws you.
* * * LOW HITPOINT WARNING * * *
You hit the troll. You freeze the troll.
The troll is almost dead.
You closely miss the troll. Your bite misses the troll.
The troll is almost dead.
The troll misses you. The troll claws you!
You die...
Kikubaaqudgha rasps: "You have failed me!
Welcome... death!"

....T.....P....#
#.5##..# # #.....#
#..#### #..###
#....# #r##.#
#T##.# #@##.#
#.##.# #.##.#
##.##.# ####...#.#
#........#
#.##...###
############.###.##
..........##.# #.#


You could see a troll, a porcupine and a shadow imp.

Vanquished Creatures
  A two-headed ogre (D:9)
  Pikel (D:8)
  Sigmund (D:2)
  Menkaure (D:5)
  A water moccasin (D:10)
  2 black bears
  4 orc warriors
  A sky beast (D:9)
  2 phantoms
  3 ogres
  5 centaurs
  A big kobold (D:9)
  10 bullfrogs
  2 scorpions
  3 wights (D:9)
  3 howler monkeys (D:7)
  4 crimson imps
  A jelly (D:10)
  7 orc priests
  A centaur skeleton (D:8)
  5 hounds
  3 iguanas
  12 orc wizards
  A bullfrog skeleton (D:7)
  Terence (D:2)
  7 worker ants
  A hound zombie (D:6)
  8 gnolls
  8 adders
  4 shadow imps
  2 adder skeletons
  4 worms
  2 dart slugs
  7 leopard geckos
  30 orcs
  3 bats
  3 giant cockroaches
  14 goblins
  5 hobgoblins
  3 jackals
  5 quokkas
  A ball python (D:2)
  2 frilled lizards (D:2)
  A goblin zombie (Ossuary)
  A jackal skeleton (D:4)
  13 kobolds
  A leopard gecko skeleton (D:4)
  A quokka zombie (Ossuary)
  7 rats
209 creatures vanquished.

Vanquished Creatures (collateral kills)
  A scorpion (D:6)
  A crimson imp (D:9)
  An orc wizard (D:7)
  A hound skeleton (D:8)
  2 gnolls (D:6)
  A leopard gecko (D:8)
  3 orcs
  2 jackals
12 creatures vanquished.

Vanquished Creatures (others)
  28 fungi (D:10)
  A plant (D:10)
29 creatures vanquished.

Grand Total: 250 creatures vanquished

Notes
Turn   | Place    | Note
-------+----------+-------------------------------------------
     0 | D:1      | MisterFreud the Gnoll Necromancer began the quest for the
                  | Orb.
     0 | D:1      | Reached XP level 1. HP: 13/13 MP: 6/6
   179 | D:1      | Reached XP level 2. HP: 6/19 MP: 5/7
  1250 | D:2      | Reached XP level 3. HP: 22/25 MP: 9/9
  1273 | D:2      | Reached skill level 5 in Spellcasting
  1576 | D:2      | Noticed Terence
  1589 | D:2      | Learned a level 3 spell: Vampiric Draining
  1593 | D:2      | Learned a level 3 spell: Regeneration
  1597 | D:2      | Noticed Sigmund
  1660 | D:2      | Reached skill level 1 in Invocations
  1933 | D:2      | Found a shadowy altar of Dithmenos.
  1999 | D:2      | Killed Terence
  1999 | D:2      | Reached skill level 1 in Fighting
  1999 | D:2      | Reached skill level 1 in Short Blades
  1999 | D:2      | Reached skill level 1 in Long Blades
  1999 | D:2      | Reached skill level 1 in Axes
  1999 | D:2      | Reached skill level 1 in Maces & Flails
  1999 | D:2      | Reached skill level 1 in Polearms
  1999 | D:2      | Reached skill level 1 in Staves
  1999 | D:2      | Reached skill level 1 in Slings
  1999 | D:2      | Reached skill level 1 in Bows
  1999 | D:2      | Reached skill level 1 in Crossbows
  1999 | D:2      | Reached skill level 1 in Throwing
  1999 | D:2      | Reached skill level 1 in Armour
  1999 | D:2      | Reached skill level 1 in Shields
  1999 | D:2      | Reached skill level 1 in Unarmed Combat
  1999 | D:2      | Reached skill level 1 in Evocations
  1999 | D:2      | Reached XP level 4. HP: 14/32 MP: 7/11
  2307 | D:1      | Learned a level 4 spell: Animate Dead
  2321 | D:2      | Killed Sigmund
  2321 | D:2      | Reached skill level 1 in Conjurations
  2321 | D:2      | Reached skill level 1 in Hexes
  2321 | D:2      | Reached skill level 1 in Charms
  2321 | D:2      | Reached skill level 1 in Summonings
  2321 | D:2      | Reached skill level 1 in Translocations
  2321 | D:2      | Reached skill level 1 in Transmutations
  2321 | D:2      | Reached skill level 1 in Fire Magic
  2321 | D:2      | Reached skill level 1 in Ice Magic
  2321 | D:2      | Reached skill level 1 in Air Magic
  2321 | D:2      | Reached skill level 1 in Earth Magic
  2321 | D:2      | Reached skill level 1 in Poison Magic
  2321 | D:2      | Reached XP level 5. HP: 24/38 MP: 0/12
  2321 | D:2      | Reached XP level 6. HP: 27/44 MP: 0/13
  3187 | D:3      | Reached skill level 5 in Dodging
  3188 | D:3      | Noticed a black bear
  3216 | D:3      | Killed a black bear
  3555 | D:3      | Found a runed gate.
  3556 | D:3      | Found a runed gate.
  3557 | D:3      | Found a runed gate.
  3560 | D:3      | Noticed galech's ghost (weakling DsFi)
  3563 | D:3      | Noticed Nib's ghost (amateur CeHu)
  3681 | D:4      | Reached XP level 7. HP: 25/50 MP: 5/15
  3823 | D:4      | Found a sand-covered staircase.
  3827 | Ossuary  | Entered an ossuary
  4186 | D:4      | Reached skill level 5 in Stealth
  4411 | D:4      | Found a staircase to the Ecumenical Temple.
  4417 | Temple   | Entered the Ecumenical Temple
  4552 | Temple   | Became a worshipper of Kikubaaqudgha
  4749 | D:4      | Reached XP level 8. HP: 45/57 MP: 12/16
  5205 | D:5      | Entered Level 5 of the Dungeon
  5610 | D:5      | Noticed Menkaure
  5786 | D:6      | Found a deep blue altar of Sif Muna.
  6882 | D:6      | Reached * piety under Kikubaaqudgha
  6882 | D:6      | Identified Kikubaaqudgha's Handbook of Unholy Rituals
                  | (Kikubaaqudgha gifted it to you on level 6 of the Dungeon)
  6882 | D:6      | Received a gift from Kikubaaqudgha
  7110 | D:6      | Reached XP level 9. HP: 57/65 MP: 18/18
  7589 | D:5      | Killed Menkaure
  8068 | D:7      | Learned a level 2 spell: Blink
  8319 | D:7      | Reached skill level 8 in Necromancy
  8456 | D:7      | Reached ** piety under Kikubaaqudgha
  8564 | D:7      | Found an ornate altar of the Wu Jian Council.
  9051 | D:7      | Found a shattered altar of Ashenzari.
  9161 | D:8      | Reached skill level 5 in Invocations
  9171 | D:8      | Noticed Pikel
  9556 | D:8      | HP: 2/66 [slave[Pikel] (4)]
  9605 | D:8      | Killed Pikel
  9605 | D:8      | Reached XP level 10. HP: 30/73 MP: 12/20
 10288 | D:9      | Found a staircase to the Orcish Mines.
 10319 | D:9      | Reached *** piety under Kikubaaqudgha
 10319 | D:9      | Identified Kikubaaqudgha's Compendium of Stolen Souls
                  | (Kikubaaqudgha gifted it to you on level 9 of the Dungeon)
 10319 | D:9      | Received a gift from Kikubaaqudgha
 10329 | D:9      | Learned a level 5 spell: Borgnjor's Vile Clutch
 10384 | D:9      | Reached skill level 5 in Fighting
 10384 | D:9      | Reached skill level 5 in Short Blades
 10384 | D:9      | Reached skill level 5 in Long Blades
 10384 | D:9      | Reached skill level 5 in Axes
 10384 | D:9      | Reached skill level 5 in Maces & Flails
 10384 | D:9      | Reached skill level 5 in Polearms
 10384 | D:9      | Reached skill level 5 in Staves
 10384 | D:9      | Reached skill level 5 in Slings
 10384 | D:9      | Reached skill level 5 in Bows
 10384 | D:9      | Reached skill level 5 in Crossbows
 10384 | D:9      | Reached skill level 5 in Throwing
 10384 | D:9      | Reached skill level 5 in Armour
 10384 | D:9      | Reached skill level 5 in Shields
 10384 | D:9      | Reached skill level 5 in Unarmed Combat
 10384 | D:9      | Reached skill level 5 in Evocations
 10607 | D:9      | Noticed a two-headed ogre
 10619 | D:9      | Killed a two-headed ogre
 11173 | D:9      | Found Uxyxief's Antique Armour Boutique.
 11176 | D:9      | Bought a faintly glowing ring mail for 243 gold pieces
 11176 | D:9      | Bought an embroidered cloak for 202 gold pieces
 11186 | D:9      | Identified the cursed +1 ring mail of the Spheres {-Cast
                  | Int+6 Slay+3} (You bought it in a shop on level 9 of the
                  | Dungeon)
 11503 | D:10     | Entered Level 10 of the Dungeon
 11544 | D:10     | Noticed Snorg
 11779 | D:10     | Slain by a troll

Vault maps used:
D:1:      saegor_arrival_simple_e, serial_curves, eino_curves_04, eino_curves_01
D:2:      grunt_dithmenos_smoke_and_mirrors, uniq_sigmund, uniq_terence
D:3:      gammafunk_ghost_cemetery
D:4:      minmay_temple_entry_enclosed_plants, first_ration,
          lightli_ossuary_entry_decrepit_ruins, minmay_misc_feat_enclosed
D:5:      hangedman_decor_growths, uniq_menkaure
D:6:      led_sif_book
D:7:      marbit_many_paths, old_standard_altar
D:8:      kennysheep_decorative_pillar, uniq_pikel
D:9:      orc_0_dummy, serial_shops, kennysheep_mini_moat
D:10:     due_lair_maze_entry_diamond, water_boxes_lemuel, uniq_fannar,
          uniq_snorg
Temple:   regret_index_temple_chain_breaker
Ossuary:  minmay_ossuary_two_tombs

Skill      XL: |  1  2  3  4  5  6  7  8  9 10 |
---------------+-------------------------------+-----
Spellcasting   | 5 6 7 |  7.5
Invocations    | 1 2 3 4 5 6 |  6.0
Fighting       | 1 2 3 4 5 |  5.4
Short Blades   | 1 2 3 4 5 |  5.4
Long Blades    | 1 2 3 4 5 |  5.4
Axes           | 1 2 3 4 5 |  5.4
Maces & Flails | 1 2 3 4 5 |  5.4
Polearms       | 1 2 3 4 5 |  5.4
Staves         | 1 2 3 4 5 |  5.4
Slings         | 1 2 3 4 5 |  5.4
Bows           | 1 2 3 4 5 |  5.4
Crossbows      | 1 2 3 4 5 |  5.4
Throwing       | 1 2 3 4 5 |  5.4
Armour         | 1 2 3 4 5 |  5.4
Shields        | 1 2 3 4 5 |  5.4
Unarmed Combat | 1 2 3 4 5 |  5.4
Evocations     | 1 2 3 4 5 |  5.4
Conjurations   | 1 2 3 4 |  4.5
Hexes          | 1 2 3 4 |  4.5
Charms         | 1 2 3 4 |  4.5
Summonings     | 1 2 3 4 |  4.5
Translocations | 1 2 3 4 |  4.5
Transmutations | 1 2 3 4 |  4.5
Fire Magic     | 1 2 3 4 |  4.5
Ice Magic      | 1 2 3 4 |  4.5
Air Magic      | 1 2 3 4 |  4.5
Earth Magic    | 1 2 3 4 |  4.5
Poison Magic   | 1 2 3 4 |  4.5
Dodging        | 5 6 7 |  7.2
Stealth        | 5 6 |  6.9
Necromancy     | 8 |  8.5

Action                   |  1- 3 |  4- 6 |  7- 9 | 10-12 || total
-------------------------+-------+-------+-------+-------++-------
Melee: Whip              |    39 |    24 |    36 |   194 ||   293
       Unarmed           |     2 |       |       |       ||     2
       Bite              |     3 |    21 |    16 |    19 ||    59
       Short sword       |    53 |   139 |       |       ||   192
       Punch             |       |     1 |     4 |     4 ||     9
       Hunting sling     |       |       |    10 |       ||    10
       Trident           |       |       |   170 |       ||   170
 Fire: Hunting sling     |       |       |   657 |       ||   657
 Cast: Pain              |    28 |     2 |    10 |       ||    40
       Vampiric Draining |       |    20 |    84 |    15 ||   119
       Regeneration      |       |     4 |    12 |     5 ||    21
       Animate Dead      |       |       |     7 |     2 ||     9
Evoke: Wand              |       |       |     4 |     1 ||     5
  Use: Scroll            |     4 |     3 |    12 |     3 ||    22
       Potion            |     2 |       |     1 |     3 ||     6
 Stab: Sleeping          |     6 |     1 |     4 |    10 ||    21
  Eat: Chunk             |     3 |     7 |    19 |     2 ||    31
       Ration            |       |       |     1 |     2 ||     3
Armor: Robe              |    18 |    25 |   101 |    20 ||   164
       Ring mail         |       |       |       |    15 ||    15
Dodge: Dodged            |    74 |   170 |   470 |   115 ||   829

Table legend:
 A = Non-vault XP
 B = Vault XP
 C = Vault XP percentage of total XP
 D = Non-vault monster count
 E = Vault monster count
 F = Vault count percentage of total count
                 A         B        C        D         E       F
            +---------+---------+-------+---------+---------+-------
      Total |    6780 |    1174 |  14.8 |     212 |       9 |   4.1
            +---------+---------+-------+---------+---------+-------
        D:1 |      30 |       0 |   0.0 |      16 |       0 |   0.0
        D:2 |      94 |     244 |  72.2 |      26 |       2 |   7.1
        D:3 |     247 |       0 |   0.0 |      24 |       0 |   0.0
        D:4 |     764 |       0 |   0.0 |      32 |       0 |   0.0
        D:5 |      47 |     172 |  78.5 |       5 |       1 |  16.7
        D:6 |     966 |      80 |   7.6 |      28 |       2 |   6.7
        D:7 |    1435 |      13 |   0.9 |      39 |       1 |   2.5
        D:8 |     631 |     663 |  51.2 |      16 |       1 |   5.9
        D:9 |    2023 |       0 |   0.0 |      20 |       0 |   0.0
       D:10 |     543 |       0 |   0.0 |       6 |       0 |   0.0
    Ossuary |       0 |       2 | 100.0 |       0 |       2 | 100.0
            +---------+---------+-------+---------+---------+-------
